 Dungeon Crawl Stone Soup version 0.23-a0-164-g7711e57 (webtiles) character file.

255 grindst0ne the Shooter (level 5, -1/47 HPs)
             Began as a Centaur Hunter on Sept 10, 2018.
             Slain by a gnoll
             ... wielding a +0 halberd
              (10 damage)
             ... on level 3 of the Dungeon.
             The game lasted 00:06:05 (2518 turns).

grindst0ne the Shooter (Centaur Hunter)             Turns: 2518, Time: 00:06:06

Health: -1/47      AC:  6    Str: 15    XL:     5   Next: 91%
Magic:  5/5        EV:  9    Int: 10    God:
Gold:   54         SH:  0    Dex: 16    Spells: 4/4 levels left

rFire    . . .     SeeInvis .   b - +0 short sword
rCold    . . .     Gourm    .   (no shield)
rNeg     . . .     Faith    .   c - +0 leather armour
rPois    .         Spirit   .   h - +0 helmet
rElec    .         Reflect  .   (no cloak)
rCorr    .         Harm     .   j - +0 pair of gloves
MR       .....                  (no barding)
Stlth    +.........             (no amulet)
HPRegen  0.15/turn              n - +6 ring of dexterity
MPRegen  0.09/turn              (no ring)

@: very quick
A: large, hooves 3, deformed body, speed 2, tough skin 3
a: no special abilities


You were on level 3 of the Dungeon.
You were very hungry.

You visited 1 branch of the dungeon, and saw 3 of its levels.

You collected 54 gold pieces.

Inventory:

Hand Weapons
 a - a +1 shortbow
 b - a +0 short sword (weapon)
Missiles
 d - 45 arrows
Armour
 c - a +0 leather armour (worn)
 h - a +0 helmet (worn)
 j - a +0 pair of gloves (worn)
Jewellery
 n - a +6 ring of dexterity (left hand)
Wands
 o - a wand of acid (8)
Scrolls
 e - 4 scrolls of fog {unknown}
 g - a scroll of remove curse {unknown}
 i - a scroll of amnesia {unknown}
 k - 2 scrolls of identify {unknown}
 l - a scroll of enchant weapon {unknown}
 m - a scroll of teleportation {unknown}
 r - a scroll of blinking {unknown}
 s - a scroll of enchant armour {unknown}
Potions
 q - a potion of ambrosia {unknown}
Comestibles
 f - 4 rations


   Skills:
 + Level 4.6 Fighting
 + Level 7.7 Bows
 - Level 1.3 Dodging
 - Level 0.4 Stealth


You had 4 spell levels left.
You didn't know any spells.
Your spell library was empty.

Dungeon Overview and Level Annotations

Branches:
Dungeon (3/15)

Altars:
Trog


Innate Abilities, Weirdness & Mutations

You have hooves in place of feet.
Armour fits poorly on your strangely shaped body.
You cover ground very quickly.
You have extremely tough skin. (AC +3)


Message History

The gnoll is almost dead.
The gnoll hits you.
You hit the gnoll.
You kill the gnoll!
You hit the hobgoblin but do no damage. The hobgoblin barely misses you.
You completely miss the hobgoblin. Your kick misses the hobgoblin.
The hobgoblin hits you but does no damage.
You barely miss the hobgoblin. You kick the hobgoblin.
You kill the hobgoblin!
You hit the orc. Your kick misses the orc.
The orc is moderately wounded.
You are feeling very hungry.
The orc hits you with a hand axe. The gnoll hits you but does no damage.
You puncture the orc!
You kill the orc!
The gnoll hits you from afar with a halberd!
* * * LOW HITPOINT WARNING * * *
Items here: ( ))))) ††††† The gnoll hits you from afar with a halberd!
You die...

#........gg......)
#(#.###.########..
##.#.###.# .
#........#
#...<....#
#.(......#
##g#####.# #)#
#... #@# ### #.#
###


You could see a gnoll.

Vanquished Creatures
  Natasha (thrice) (D:2)
  Robin (D:2)
  6 gnolls
  2 adders
  An ooze (D:1)
  A worm (D:2)
  A dart slug (D:1)
  2 leopard geckos (D:2)
  3 orcs
  2 ball pythons
  17 goblins
  5 hobgoblins
  10 jackals
  5 kobolds
  8 bats
  7 frilled lizards
  8 rats
82 creatures vanquished.

Notes
Turn   | Place    | Note
-------+----------+-------------------------------------------
     0 | D:1      | grindst0ne the Centaur Hunter began the quest for the Orb.
     0 | D:1      | Reached XP level 1. HP: 17/17 MP: 1/1
   152 | D:1      | Reached XP level 2. HP: 23/25 MP: 2/2
   507 | D:1      | Reached skill level 6 in Bows
   507 | D:1      | Reached XP level 3. HP: 30/30 MP: 3/3
   919 | D:2      | Noticed Natasha
   921 | D:2      | Reached XP level 4. HP: 38/38 MP: 4/4
   953 | D:2      | Killed Natasha
   997 | D:2      | Noticed Natasha
  1003 | D:2      | Killed Natasha
  1003 | D:2      | Reached skill level 7 in Bows
  1003 | D:2      | Reached XP level 5. HP: 18/46 MP: 5/5
  1249 | D:2      | Noticed Robin
  1325 | D:2      | Killed Robin
  1586 | D:2      | Found a bloodstained altar of Trog.
  1759 | D:2      | Noticed Natasha
  1783 | D:2      | Killed Natasha
  2518 | D:3      | Slain by a gnoll

Vault maps used:
D:1:      dpeg_arrival_water_temple_mockup
D:2:      trog_butcher_becter, uniq_natasha, uniq_robin
D:3:      lemuel_castle_with_subvaults, uniq_terence

Skill      XL: |  1  2  3  4  5 |
---------------+----------------+-----
Bows           | 6 7 |  7.7
Fighting       | 3 4 |  4.6
Dodging        | |  1.3
Stealth        | |  0.4

Action                   |  1- 3 |  4- 6 || total
-------------------------+-------+-------++-------
Melee: Short sword       |    81 |   110 ||   191
       Kick              |    12 |    24 ||    36
 Fire: Shortbow          |    26 |    56 ||    82
  Eat: Chunk             |       |     3 ||     3
Armor: Leather armour    |    32 |    81 ||   113
Dodge: Dodged            |    37 |    68 ||   105

Table legend:
 A = Non-vault XP
 B = Vault XP
 C = Vault XP percentage of total XP
 D = Non-vault monster count
 E = Vault monster count
 F = Vault count percentage of total count
                 A         B        C        D         E       F
            +---------+---------+-------+---------+---------+-------
      Total |     268 |      97 |  26.6 |      62 |      20 |  24.4
            +---------+---------+-------+---------+---------+-------
        D:1 |      79 |       0 |   0.0 |      28 |       0 |   0.0
        D:2 |     159 |      77 |  32.6 |      23 |      16 |  41.0
        D:3 |      30 |      20 |  40.0 |      11 |       4 |  26.7
            +---------+---------+-------+---------+---------+-------
